Map: [ESL] Oceanborn

Players

Reynor - Winner!

  • Race: Zerg Zerg
  • Spawn Location: 11:00

ShoWTimE

  • Race: Protoss Protoss
  • League: Diamond
  • Spawn Location: 5:00

Event: IEM Katowice 2024

VOD

Have the link to the VOD?

Description

Time

  • Played on: Feb. 8, 2024, 12:59 p.m.
  • Length: 27:32

All games in this series

Show
View Real Time Build Order
Export as new Build Order

Reynor Zerg - Winner!

Build Orders: Hatch First, Lurkers 

Get SALT Encoding   

  12  0:00  Drone  
  13  0:07  Drone  
  13  0:14  Extractor, Drone  
  15  0:36  Hatchery  
  15  0:41  Extractor  
  15  0:42  Drone  
  15  0:47  Overlord  
  15  1:02  Spawning Pool  
  14  1:06  Drone  
  14  1:09  Drone  
  16  1:13  Drone  
  17  1:23  Drone  
  17  1:25  Extractor  
  17  1:28  Drone  
  18  1:39  Drone  
  19  1:49  Drone, Queen x2  
  19  1:53  Drone  
  25  1:59  Zergling x2  
  25  2:00  Drone  
  27  2:10  Drone, Overlord  
  28  2:26  Hatchery  
  28  2:28  Drone  
  28  2:30  Drone  
  28  2:33  Drone  
  30  2:38  Metabolic Boost  
  30  2:41  Zergling x2  
  31  2:48  Queen  
  33  2:52  Overlord  
  33  2:55  Drone  
  33  2:58  Zergling x2  
  35  3:00  Zergling x2  
  36  3:10  Queen  
  38  3:14  Drone x4  
  38  3:16  Drone  
  38  3:19  Overlord  
  42  3:25  Drone  
  43  3:29  Overlord  
  43  3:37  Drone x3, Queen  
  49  3:41  Drone  
  49  3:43  Drone  
  49  3:44  Drone  
  49  3:46  Spore Crawler  
  50  3:48  Drone x2  
  50  3:50  Drone  
  50  3:53  Zergling x2  
  54  3:57  Queen  
  54  4:01  Overlord  
  56  4:04  Drone x2  
  56  4:06  Drone x2  
  56  4:08  Drone  
  56  4:09  Drone  
  60  4:12  Spore Crawler  
  60  4:14  Drone  
  60  4:19  Overlord  
  60  4:20  Drone x2  
  60  4:22  Drone  
  63  4:24  Zergling x2  
  63  4:25  Zergling x2  
  63  4:27  Zergling x2  
  66  4:32  Drone, Spore Crawler  
  66  4:35  Lair  
  66  4:39  Roach Warren  
  66  4:40  Drone x2  
  66  4:42  Drone  
  66  4:43  Drone  
  69  4:48  Zergling x6  
  69  4:50  Overlord  
  72  4:54  Drone x2  
  72  4:55  Drone x2  
  72  4:59  Drone  
  72  5:01  Extractor  
  72  5:04  Drone x2, Extractor  
  70  5:09  Spore Crawler  
  70  5:10  Queen  
  70  5:11  Drone x3  
  70  5:12  Drone  
  76  5:14  Overlord  
  76  5:18  Drone x3  
  76  5:19  Overlord  
  79  5:27  Extractor  
  78  5:30  Drone x4  
  78  5:32  Overlord  
  78  5:34  Evolution Chamber  
  78  5:35  Extractor  
  80  5:36  Drone  
  80  5:39  Drone  
  80  5:40  Drone x3  
  85  5:45  Drone  
  85  5:46  Hatchery  
  85  5:51  Zergling x10  
  85  5:52  Zergling x2  
  85  5:54  Drone  
  85  5:56  Overlord  
  92  6:02  Drone x2  
  90  6:06  Drone  
  90  6:08  Overlord  
  90  6:09  Infestation Pit, Zerg Missile Weapons Level 1  
  90  6:10  Drone x3  
  93  6:16  Drone x4  
  93  6:18  Drone x3  
  100  6:19  Drone  
  100  6:21  Glial Reconstitution  
  100  6:25  Overlord  
  100  6:32  Roach x2  
  106  6:33  Roach  
  106  6:36  Overlord  
  106  6:37  Roach x3  
  112  6:42  Roach x3  
  112  6:44  Drone x3  
  112  6:46  Overlord  
  121  6:51  Hive  
  121  6:55  Roach x3  
  121  6:59  Overlord  
  126  7:05  Overlord  
  126  7:07  Pneumatized Carapace  
  127  7:08  Roach x3  
  127  7:09  Roach x2  
  127  7:13  Queen  
  127  7:14  Overlord  
  131  7:18  Zergling x14  
  131  7:21  Extractor, Roach x2  
  140  7:23  Overlord  
  140  7:26  Roach  
  140  7:27  Roach  
  140  7:29  Drone  
  145  7:30  Roach x2  
  145  7:31  Roach, Hydralisk Den  
  145  7:33  Ravager  
  145  7:34  Overseer  
  145  7:35  Overlord  
  155  7:37  Zergling x4, Roach x2  
  155  7:48  Zergling x6, Roach x3  
  155  7:49  Zergling x6  
  155  7:50  Overlord  
  167  7:58  Queen  
  167  8:00  Spore Crawler  
  167  8:01  Lurker Den  
  167  8:03  Zergling x2  
  167  8:04  Zergling x14  
  167  8:05  Ravager x3  
  178  8:07  Overlord  
  178  8:12  Drone x4  
  182  8:13  Zerg Missile Weapons Level 2  
  182  8:17  Ravager x2  
  182  8:18  Overlord  
  184  8:24  Roach x5  
  182  8:29  Zergling x12  
  177  8:39  Drone x5  
  182  8:42  Extractor  
  182  8:46  Hydralisk x4  
  183  8:52  Drone x2  
  175  8:57  Hydralisk, Hatchery  
  175  8:58  Hydralisk x2  
  166  9:03  Zergling x18  
  166  9:06  Seismic Spines  
  166  9:07  Extractor  
  171  9:17  Hydralisk x2  
  171  9:18  Lurker x4  
  179  9:29  Hydralisk x4  
  187  9:31  Zergling x18  
  196  9:39  Lurker x2  
  196  9:40  Drone x2  
  196  9:41  Overlord  
  196  9:44  Adrenal Glands  
  200  9:46  Evolution Chamber  
  199  10:06  Hydralisk x3  
  194  10:10  Zergling x6  
  194  10:15  Extractor  
  194  10:16  Extractor, Hydralisk x4  
  194  10:19  Zergling x8  
  194  10:21  Overseer  
  197  10:22  Zerg Melee Weapons Level 1  
  197  10:27  Hydralisk x4  
  197  10:28  Zergling x28  
  195  10:29  Overlord  
  195  10:32  Hydralisk x3  
  186  10:35  Lurker  
  186  10:42  Lurker x3  
  182  10:45  Drone x3  
  182  10:46  Hydralisk  
  182  10:47  Zergling x2, Hydralisk  
  182  10:48  Zergling x8  
  186  10:51  Lurker  
  186  10:52  Zergling x6  
  186  10:56  Hydralisk  
  188  10:58  Zergling x2  
  188  11:01  Zergling x8, Overseer  
  188  11:02  Zergling x2  
  188  11:03  Lurker x2  
  188  11:08  Lurker, Hydralisk  
  188  11:09  Zergling x2  
  188  11:10  Hydralisk  
  194  11:11  Zergling x2  
  194  11:15  Zergling x8  
  194  11:16  Queen  
  193  11:19  Zergling x10  
  193  11:21  Zergling x4  
  193  11:22  Zergling x4  
  193  11:23  Hydralisk  
  191  11:27  Zerg Missile Weapons Level 3, Hydralisk  
  191  11:31  Zergling x4, Hydralisk  
  188  11:35  Adaptive Talons  
  182  11:42  Drone x4  
  182  11:44  Lurker x3  
  182  11:45  Lurker  
  189  11:47  Hydralisk  
  189  11:48  Zergling x6, Hydralisk  
  189  11:53  Hydralisk x2  
  189  11:54  Zergling x2  
  188  12:04  Hydralisk x2  
  188  12:05  Viper, Hydralisk  
  188  12:06  Roach x2  
  197  12:13  Zergling x8, Hydralisk x2  
  197  12:14  Zergling x4  
  197  12:17  Overseer  
  199  12:22  Drone x2  
  199  12:23  Drone  
  199  12:24  Zerg Ground Armor Level 1  
  199  12:25  Spire  
  199  12:34  Zergling x2  
  199  12:44  Hydralisk x6  
  187  12:49  Hydralisk x5  
  198  12:57  Lurker  
  199  13:03  Spore Crawler  
  199  13:04  Lurker, Spine Crawler  
  198  13:08  Lurker  
  198  13:11  Hydralisk  
  198  13:15  Hatchery  
  198  13:17  Lurker x2  
  199  13:23  Hydralisk x4  
  198  13:28  Hydralisk  
  198  13:33  Hydralisk  
  198  13:34  Hydralisk x3  
  199  13:42  Lurker  
  200  13:50  Zerg Flyer Weapons Level 1  
  200  14:00  Muscular Augments  
  200  14:12  Spire  
  199  14:18  Nydus Network  
  198  14:25  Spore Crawler x3  
  198  14:26  Spore Crawler  
  190  14:33  Spore Crawler  
  190  14:38  Corruptor x6  
  187  14:41  Zerg Melee Weapons Level 2, Zerg Ground Armor Level 2  
  187  14:42  Hatchery  
  198  14:55  Corruptor  
  200  15:04  Grooved Spines  
  200  15:12  Hatchery  
  195  15:30  Greater Spire  
  195  15:32  Drone x2  
  195  15:33  Corruptor x3, Spine Crawler  
  195  15:34  Spine Crawler x2  
  195  15:35  Spore Crawler  
  193  15:42  Corruptor  
  193  15:43  Corruptor x2  
  199  15:57  Nydus Canal  
  194  16:08  Corruptor x2  
  195  16:30  Nydus Canal  
  195  16:32  Zerg Flyer Weapons Level 2  
  185  16:44  Lurker x4  
  188  16:48  Lurker x2  
  188  16:51  Overlord  
  188  16:52  Queen  
  187  17:05  Spore Crawler  
  187  17:06  Zerg Flyer Armor Level 1  
  187  17:07  Overseer, Spore Crawler  
  185  17:08  Lurker x3  
  185  17:11  Nydus Canal  
  185  17:12  Corruptor x6  
  191  17:28  Nydus Canal  
  189  17:34  Lurker x4  
  193  17:39  Brood Lord x3  
  193  17:40  Overseer  
  195  18:02  Nydus Canal  
  195  18:22  Overseer  
  195  18:23  Brood Lord  
  195  18:24  Brood Lord  
  199  18:29  Nydus Canal  
  190  18:51  Hatchery  
  190  18:53  Corruptor x5  
  195  19:08  Nydus Canal  
  195  19:18  Hydralisk  
  197  19:40  Hydralisk x2  
  197  19:43  Hatchery  
  185  19:46  Zerg Melee Weapons Level 3  
  185  19:50  Hydralisk x5  
  185  19:51  Zergling x6  
  180  19:54  Zerg Flyer Armor Level 2, Zerg Flyer Weapons Level 3  
  180  19:57  Hydralisk x4  
  188  20:00  Hydralisk x2  
  188  20:01  Hydralisk x3  
  191  20:09  Corruptor x5  
  190  20:23  Corruptor x4  
  190  20:25  Drone x2  
  194  20:29  Infestor, Overlord  
  194  20:30  Overlord  
  194  20:32  Overlord  
  196  20:39  Extractor  
  196  20:41  Lurker  
  196  20:42  Extractor  
  195  20:52  Lurker x3  
  191  21:03  Zergling x2  
  186  21:07  Viper x2  
  186  21:09  Zergling x26  
  199  21:14  Drone  
  200  21:22  Hatchery  
  177  21:42  Lurker x5  
  177  21:43  Zergling x6  
  177  21:44  Zergling x30  
  198  21:52  Zergling x2  
  198  21:53  Zergling x2  
  198  21:54  Overlord  
  196  22:06  Lurker x3  
  198  22:14  Zergling x18  
  200  22:36  Extractor  
  193  22:37  Zergling x6  
  193  22:38  Zergling x12  
  193  22:39  Extractor  
  193  22:40  Hydralisk x3  
  193  22:43  Brood Lord  
  197  22:45  Zergling x4  
  189  23:00  Zergling x2  
  188  23:11  Drone x4  
  188  23:12  Drone  
  193  23:16  Lurker x3  
  193  23:18  Zergling x6  
  199  23:22  Overseer  
  198  23:45  Hatchery  
  190  23:48  Zergling x2  
  190  23:49  Zergling x18  
  194  24:00  Lurker x5  
  194  24:02  Zergling x24  
  181  24:17  Hydralisk x4  
  181  24:21  Zergling x6  
  186  24:34  Zergling x12  
  192  24:47  Overseer  
  192  24:50  Hydralisk x4  
  194  25:14  Hydralisk x3  
  181  25:22  Hydralisk x6  
  147  25:43  Drone x2  
  149  25:55  Zergling x4  
  141  26:05  Overseer, Drone x3  
  124  26:26  Hydralisk x3  
  124  26:27  Zergling x2  
  131  26:36  Overseer  
  131  26:40  Zergling x8  
  130  26:49  Zergling x6  
  130  26:50  Zergling x4  
  125  27:04  Lurker x3  
  125  27:06  Hydralisk  
  127  27:12  Zergling x4  
  127  27:13  Zergling x4  
Show
View Real Time Build Order
Export as new Build Order

ShoWTimE Protoss 

Build Orders: 1 Gate Expand, Oracle Opening, Archon Immortal, Carriers 

Get SALT Encoding   

  12  0:00  Probe  
  13  0:12  Probe  
  14  0:19  Pylon  
  14  0:24  Probe  
  15  0:37  Probe (Chrono Boost)  
  15  0:38  Gateway  
  16  0:46  Assimilator, Probe (Chrono Boost)  
  17  0:51  Probe  
  18  1:03  Probe  
  19  1:15  Probe  
  20  1:23  Nexus  
  20  1:33  Cybernetics Core  
  20  1:34  Probe  
  21  1:40  Assimilator  
  21  1:46  Probe  
  22  1:49  Pylon  
  22  1:58  Probe  
  23  2:06  Adept (Chrono Boost)  
  23  2:10  Probe  
  26  2:19  Stargate  
  26  2:23  Probe  
  26  2:26  Adept (Chrono Boost)  
  29  2:35  Probe (Chrono Boost)  
  29  2:36  Warp Gate  
  31  2:40  Probe (Chrono Boost)  
  31  2:45  Probe (Chrono Boost)  
  31  2:49  Adept, Probe (Chrono Boost)  
  31  2:50  Probe (Chrono Boost)  
  36  2:59  Probe  
  36  3:02  Probe  
  38  3:11  Probe  
  39  3:14  Probe  
  39  3:17  Nexus, Oracle (Chrono Boost)  
  38  3:23  Probe  
  42  3:28  Gateway  
  42  3:30  Probe  
  43  3:34  Pylon  
  43  3:35  Probe  
  43  3:40  Assimilator  
  44  3:42  Assimilator  
  44  3:44  Probe  
  44  3:47  Probe  
  46  3:54  Oracle (Chrono Boost), Pylon  
  46  3:56  Probe  
  46  3:59  Probe  
  51  4:08  Probe  
  52  4:11  Probe  
  52  4:16  Forge  
  53  4:18  Twilight Council  
  53  4:20  Probe  
  53  4:23  Probe  
  53  4:24  Adept x2  
  57  4:26  Pylon  
  59  4:31  Oracle (Chrono Boost)  
  59  4:33  Probe (Chrono Boost)  
  59  4:37  Probe (Chrono Boost)  
  65  4:41  Probe (Chrono Boost)  
  65  4:44  Stalker, Probe (Chrono Boost)  
  69  4:47  Stalker  
  69  4:48  Probe (Chrono Boost)  
  69  4:49  Probe x2 (Chrono Boost)  
  73  4:57  Probe  
  73  4:59  Probe  
  73  5:00  Blink (Chrono Boost), Probe  
  73  5:02  Protoss Ground Weapons Level 1  
  70  5:09  Probe  
  70  5:11  Probe (Chrono Boost)  
  70  5:12  Stalker  
  70  5:13  Shield Battery, Probe (Chrono Boost)  
  73  5:17  Pylon  
  73  5:20  Stalker  
  76  5:23  Probe (Chrono Boost)  
  76  5:26  Probe (Chrono Boost)  
  78  5:30  Probe (Chrono Boost)  
  78  5:31  Shield Battery  
  78  5:32  Probe (Chrono Boost)  
  78  5:35  Probe (Chrono Boost)  
  80  5:36  Probe (Chrono Boost), Pylon  
  80  5:37  Assimilator, Probe  
  80  5:39  Gateway  
  80  5:42  Gateway, Assimilator  
  82  5:44  Stalker  
  82  5:45  Probe  
  82  5:47  Stalker  
  82  5:48  Probe  
  82  5:49  Probe  
  89  5:57  Probe  
  89  5:59  Templar Archives  
  89  6:00  Probe  
  91  6:10  Stalker x2  
  95  6:13  Photon Cannon  
  95  6:18  Photon Cannon  
  95  6:23  Gateway  
  95  6:25  Gateway, Pylon  
  95  6:31  Nexus  
  95  6:34  Stalker x3  
  95  6:38  Psionic Storm  
  101  6:40  Pylon  
  101  6:43  Probe x3  
  101  6:44  Shield Battery  
  101  6:45  Pylon  
  101  6:47  Photon Cannon  
  104  6:52  High Templar  
  106  6:55  Robotics Facility  
  106  6:56  Probe  
  106  6:57  Probe x2  
  109  7:01  Zealot x2  
  109  7:02  Zealot  
  115  7:18  Protoss Ground Weapons Level 2 (Chrono Boost)  
  115  7:19  High Templar x2  
  115  7:22  Charge  
  119  7:23  Gateway  
  119  7:24  High Templar  
  119  7:25  Gateway  
  119  7:29  Photon Cannon, Shield Battery, Probe x2  
  123  7:30  Probe  
  123  7:32  Photon Cannon  
  124  7:38  Assimilator  
  124  7:40  Assimilator  
  124  7:41  Probe  
  124  7:43  Probe x2  
  128  7:44  Probe  
  128  7:47  Photon Cannon  
  128  7:49  Photon Cannon  
  128  7:51  High Templar x2, Shield Battery  
  130  7:53  Observer (Chrono Boost)  
  130  7:54  Robotics Facility  
  133  8:04  Gateway, Immortal (Chrono Boost)  
  133  8:05  Gateway  
  133  8:09  Pylon  
  133  8:11  Pylon  
  137  8:14  Shield Battery  
  137  8:16  Forge  
  137  8:24  Archon  
  137  8:25  Stalker x2  
  135  8:28  Stalker x3  
  135  8:29  Stalker  
  135  8:33  Immortal (Chrono Boost), Shield Battery  
  142  8:41  Shield Battery  
  142  8:43  Shield Battery  
  142  8:47  Zealot x2  
  146  8:50  Stalker x2  
  146  8:53  Immortal (Chrono Boost)  
  144  8:58  Zealot x5  
  150  9:08  High Templar x2  
  150  9:09  High Templar  
  156  9:13  Pylon  
  156  9:17  Protoss Ground Armor Level 1 (Chrono Boost)  
  156  9:19  Photon Cannon  
  156  9:20  Photon Cannon  
  156  9:23  Pylon  
  156  9:25  Pylon  
  156  9:27  Gateway x2, Pylon  
  156  9:28  Probe x2  
  156  9:31  Immortal (Chrono Boost)  
  159  9:33  Protoss Ground Weapons Level 3 (Chrono Boost)  
  159  9:36  Immortal (Chrono Boost)  
  163  9:42  Fleet Beacon, Protoss Air Weapons Level 1 (Chrono Boost)  
  163  9:45  High Templar x2  
  165  9:49  Archon  
  167  9:55  Stargate  
  167  9:58  Shield Battery, Pylon x2  
  167  10:00  Stargate  
  167  10:05  Zealot x3  
  177  10:07  Immortal (Chrono Boost)  
  177  10:13  Zealot x4  
  181  10:19  Observer (Chrono Boost)  
  181  10:21  Stalker  
  180  10:25  Zealot x3  
  186  10:30  Zealot  
  186  10:31  Stalker  
  188  10:36  Immortal (Chrono Boost)  
  188  10:41  High Templar x2  
  188  10:42  High Templar x2  
  200  10:44  Immortal (Chrono Boost)  
  200  10:45  Archon  
  200  10:46  Archon  
  200  10:54  Archon  
  200  10:55  Archon  
  200  11:02  Nexus  
  200  11:04  High Templar x2, Pylon  
  200  11:10  Protoss Ground Armor Level 2 (Chrono Boost)  
  200  11:22  Carrier (Chrono Boost)  
  200  11:25  Photon Cannon  
  192  11:26  Photon Cannon  
  192  11:28  Photon Cannon  
  192  11:30  Photon Cannon  
  184  11:36  High Templar x2  
  184  11:38  Carrier (Chrono Boost)  
  190  11:43  Zealot x5  
  190  11:44  Shield Battery  
  200  11:47  Shield Battery  
  196  12:05  Carrier (Chrono Boost)  
  196  12:09  Immortal  
  196  12:11  Carrier (Chrono Boost)  
  196  12:14  Protoss Air Weapons Level 2 (Chrono Boost)  
  184  12:17  Zealot x4  
  184  12:18  Zealot x4  
  198  12:31  Gateway  
  198  12:33  Gateway  
  198  12:36  High Templar x2  
  198  12:37  Gateway  
  198  12:39  Zealot  
  198  12:40  Zealot  
  198  12:42  Protoss Shields Level 1  
  198  12:47  Pylon  
  198  12:53  Assimilator  
  198  12:57  High Templar x2  
  200  12:59  Assimilator  
  200  13:01  Pylon  
  200  13:04  Pylon  
  200  13:24  Zealot  
  161  13:34  High Templar x2  
  161  13:35  Zealot, High Templar  
  161  13:41  Zealot x7  
  187  13:43  Oracle (Chrono Boost)  
  187  13:47  Carrier x2 (Chrono Boost)  
  189  13:55  High Templar  
  189  13:56  High Templar  
  189  14:00  Archon  
  193  14:04  Nexus, Immortal (Chrono Boost)  
  193  14:06  Pylon  
  197  14:12  Zealot  
  197  14:15  Observer (Chrono Boost)  
  199  14:19  Pylon  
  199  14:23  Assimilator  
  199  14:24  Photon Cannon  
  199  14:25  Assimilator, Photon Cannon  
  199  14:27  Photon Cannon  
  199  14:28  Photon Cannon  
  199  14:29  High Templar x4  
  199  14:30  Zealot  
  192  14:31  Oracle  
  192  14:33  Archon  
  192  14:35  Zealot x6, Archon  
  191  14:53  Nexus  
  191  14:57  Protoss Air Weapons Level 3 (Chrono Boost)  
  191  14:59  Observer (Chrono Boost)  
  185  15:06  Observer (Chrono Boost), Zealot x2  
  185  15:07  Zealot x5  
  200  15:18  Pylon  
  198  15:27  High Templar  
  200  15:40  Photon Cannon  
  200  15:41  Photon Cannon  
  200  15:44  Nexus  
  200  15:55  Photon Cannon, Pylon  
  200  15:57  Photon Cannon  
  200  15:59  Archon  
  200  16:00  Shield Battery  
  200  16:03  High Templar x2  
  197  16:09  Protoss Shields Level 2 (Chrono Boost)  
  197  16:10  Protoss Ground Armor Level 3 (Chrono Boost)  
  197  16:16  Oracle  
  197  16:20  Zealot  
  193  16:32  High Templar x2  
  197  16:34  Zealot  
  197  16:37  Archon  
  197  16:47  Photon Cannon  
  197  16:49  Photon Cannon  
  197  16:53  Assimilator  
  195  16:59  High Templar x4  
  197  17:03  Archon, Photon Cannon  
  197  17:04  Archon  
  197  17:05  Shield Battery  
  197  17:06  Photon Cannon  
  197  17:08  Assimilator, Pylon  
  197  17:10  High Templar  
  197  17:12  Pylon  
  199  17:20  Nexus  
  199  17:22  Pylon  
  197  17:29  Zealot  
  195  17:30  Zealot  
  195  17:36  Pylon, Stalker  
  199  17:39  Protoss Air Armor Level 1  
  199  17:45  Photon Cannon  
  199  17:46  Photon Cannon  
  199  17:47  Observer  
  190  17:53  Zealot x5  
  200  18:02  Photon Cannon  
  200  18:04  Photon Cannon  
  200  18:06  Photon Cannon  
  200  18:07  Shield Battery  
  200  18:22  Stalker x2  
  186  18:29  Stalker x6  
  186  18:30  Stalker  
  178  18:41  Zealot x3  
  178  18:46  Tempest (Chrono Boost)  
  178  18:47  Tempest (Chrono Boost)  
  185  18:57  Tempest (Chrono Boost)  
  185  18:58  High Templar x5  
  183  19:03  Archon x2  
  183  19:10  Zealot x6  
  193  19:20  Zealot  
  193  19:21  Zealot  
  186  19:30  Zealot x4  
  185  19:42  Zealot x3  
  167  19:52  Zealot x2  
  168  20:10  High Templar x2  
  168  20:11  High Templar x6  
  184  20:16  Archon x3  
  184  20:18  High Templar x2  
  188  20:24  Tempest (Chrono Boost)  
  183  20:38  Tempest (Chrono Boost)  
  187  20:42  High Templar  
  187  20:43  High Templar x3  
  187  20:48  Archon  
  187  20:49  Archon  
  185  21:02  Zealot x3  
  184  21:09  Stalker x2  
  181  21:18  Assimilator  
  181  21:19  Stalker x3  
  181  21:22  Assimilator  
  181  21:23  Stalker  
  153  21:42  Stalker x2  
  153  21:43  Stalker x2  
  156  21:47  Stalker  
  158  21:59  Stalker  
  160  22:02  Probe x4  
  160  22:03  Probe  
  160  22:07  Zealot x2  
  157  22:15  Zealot x2  
  157  22:21  Stalker  
  163  22:27  Assimilator  
  159  22:40  Stalker x3  
  131  23:01  Stalker x4  
  131  23:05  Oracle (Chrono Boost)  
  139  23:12  Probe  
  143  23:16  Probe  
  143  23:19  Stalker x2  
  148  23:24  Probe  
  149  23:28  Probe  
  150  23:34  Tempest  
  150  23:36  Pylon  
  150  23:41  Zealot x2  
  159  23:51  Zealot x4  
  161  24:00  Zealot x2  
  151  24:16  Zealot x5  
  160  24:28  Observer (Chrono Boost)  
  160  24:29  Zealot x3  
  167  24:48  Zealot x2  
  171  25:01  Nexus  
  171  25:04  Pylon  
  171  25:05  Pylon  
  170  25:08  Pylon  
  166  25:18  Stalker x2  
  150  25:29  Zealot x5  
  137  25:55  High Templar x3  
  137  25:56  High Templar x4  
  147  26:01  Archon x3  
  129  26:08  High Templar  
  126  26:14  Zealot x3  
  132  26:24  Observer (Chrono Boost)  
  110  26:38  Observer  
  110  26:39  Zealot x4  
  117  26:41  Observer (Chrono Boost)  
  112  26:50  Zealot x2  
  102  27:04  Zealot  

Tags
 
Add a new tag
Caveats
  • Supply blocks, unpowered buildings, or Contaminate may cause inaccurate times.
  • Supply counts are checked every 10 seconds.